cohdb
Replays
Latest Replays
All Replays
Popular Replays
Top Player Replays
Match Explorer
How It Works
Community
CoH3 Stats
Reddit
Sign in to upload your games and track your stats! →
Sign in with Steam
Match 40131787
Unlisted
Match 40131787
Overview
Messages
Build Orders
End
Construct Barracks
Riflemen Squad
Riflemen Squad
Grenade Package
Construct Weapon Support Center
Bazooka Squad
Selects Advanced Infantry Battlegroup
Selects Convert to Ranger Squad
Convert to Ranger Squad
Infantry Support Center
Selects Frontline Medical Station
Frontline Medical Station
Convert to Ranger Squad
Selects Artillery Observers
Engineer Squad
Selects M2A1 105mm Howitzer Emplacement
Selects Free Fire Drills
Riflemen Squad
Wittman
DibbeTC
Mad Mac
scorpion
Fluffgrumt
[38.] Nowhere Queen
0
0
Comments
sign in to comment!
No comments posted yet!